 Dungeon Crawl Stone Soup version 0.27.1 (webtiles) character file.

Game seed: 13010196311454172086

74 AIAndy the Covert (level 4, -1/41 HPs)
             Began as a Gnoll Delver on Aug 25, 2021.
             Killed from afar by Sigmund (8 damage)
             ... with a puff of flame
             ... on level 2 of the Dungeon.
             The game lasted 00:12:49 (3277 turns).

AIAndy the Covert (Gnoll Delver)                    Turns: 3277, Time: 00:12:49

Health: -1/41      AC:  5    Str: 11    XL:     4   Next: 30%
Magic:  5/5        EV: 12    Int: 10    God:
Gold:   94         SH:  0    Dex: 14    Spells: 5/5 levels left

rFire    . . .     SeeInvis .   a - +0 falchion
rCold    . . .     Faith    .   (no shield)
rNeg     . . .     Spirit   .   p - +0 ring mail
rPois    .         Reflect  .   (no helmet)
rElec    .         Harm     .   (no cloak)
rCorr    .         Rampage  .   (no gloves)
Will     .....                  (no boots)
Stlth    ++++......             (no amulet)
HPRegen  0.13/turn              (no ring)
MPRegen  0.09/turn              (no ring)

@: no status effects
A: fangs 1, strong nose, distributed training
a: no special abilities


You were on level 2 of the Dungeon.
You visited 1 branch of the dungeon, and saw 5 of its levels.

You collected 94 gold pieces.


Innate Abilities, Weirdness & Mutations

You have very sharp teeth.
Your uncanny sense of smell can sniff out nearby items.
Your experience applies equally to all skills.


   Skills:
 + Level 6.6 Fighting
 + Level 1.1 Short Blades
 + Level 4.6 Long Blades
 + Level 1.1 Axes
 + Level 1.1 Maces & Flails
 + Level 1.1 Polearms
 + Level 1.1 Staves
 + Level 1.1 Slings
 + Level 1.1 Bows
 + Level 1.1 Crossbows
 + Level 1.1 Throwing
 + Level 1.1 Armour
 + Level 4.6 Dodging
 + Level 9.6 Stealth
 + Level 1.1 Shields
 + Level 1.1 Unarmed Combat
 + Level 1.1 Spellcasting
 + Level 0.8 Conjurations
 + Level 0.8 Hexes
 + Level 0.8 Summonings
 + Level 0.8 Necromancy
 + Level 0.8 Translocations
 + Level 0.8 Transmutations
 + Level 0.8 Fire Magic
 + Level 0.8 Ice Magic
 + Level 0.8 Air Magic
 + Level 0.8 Earth Magic
 + Level 0.8 Poison Magic
 + Level 1.2 Invocations
 + Level 1.1 Evocations


You had 5 spell levels left.
You didn't know any spells.
Your spell library was empty.

Inventory:

Hand Weapons
 a - a +0 falchion (weapon)
 b - a +0 hunting sling
Missiles
 h - 84 stones (quivered)
 n - 16 sling bullets
Armour
 e - a +0 leather armour
 p - a +0 ring mail (worn)
Wands
 g - a wand of digging (3)
Scrolls
 c - a scroll of fog
 d - 2 scrolls of magic mapping
 m - a scroll of identify {unknown}
 o - a scroll of brand weapon {unknown}
Potions
 f - 2 potions of haste {@q3}
 j - a potion of curing {unknown}
 k - 2 potions of might {unknown}
 l - a potion of berserk rage {unknown}

Dungeon Overview and Level Annotations

Branches:
Dungeon (5/15)             Temple (0/1) D:5

Altars:

Shops:
D:1 :

Annotations:
D:2 Sigmund

#.#.# #.# #.#(# #.# #.#(# #.#
#.#.###.### #.#.#.....#
#######.#(.{#.#.#
#####....##.#...#{#.# #
##........##.#...#.#.# #
#..........#..@..#.#.# #
#..........#######.#.########## #
#..........#.......#.##.......#
#########'##.#.#######.#..#......
'....#.....#.#.# #.รท.###.#...
####.#..#..#.#.#######....#.###..
# #.#..#..#.#.....).....#...#...
####.#.#####.####.....#.###.#....
................')....+..#.###...


There were no monsters in sight!


Message History

You feel less confused. Sigmund hits you with a +0 scythe!
You barely miss Sigmund.
Sigmund is lightly wounded.
Sigmund hits you with a +0 scythe.
* * * LOW HITPOINT WARNING * * *
You hit Sigmund.
Sigmund is moderately wounded.
You closely miss Sigmund.
Sigmund is moderately wounded.
Sigmund hits you with a +0 scythe!
* * * LOW HITPOINT WARNING * * *
As you read the scroll of fear, it crumbles to dust.
You assume a fearsome visage.
Sigmund looks frightened!
Sigmund mumbles some strange words.
Sigmund flickers and vanishes!
Deactivating autopickup; reactivate with Ctrl-A.
You hit something. Something hits you.
* * * LOW HITPOINT WARNING * * *
You miss something. Something hits you.
* * * LOW HITPOINT WARNING * * *
Press: ? - help, v - describe, . - travel A rock wall.
Unknown command.
Unknown command.
A puff of flame appears from out of thin air!
The puff of flame hits you!
You die...

Skill      XL: |  1  2  3 |
---------------+----------+-----
Stealth        | |  9.6
Invocations    | 1 |  1.2
Short Blades   | 1 |  1.1
Axes           | 1 |  1.1
Maces & Flails | 1 |  1.1
Polearms       | 1 |  1.1
Staves         | 1 |  1.1
Slings         | 1 |  1.1
Bows           | 1 |  1.1
Crossbows      | 1 |  1.1
Throwing       | 1 |  1.1
Armour         | 1 |  1.1
Shields        | 1 |  1.1
Unarmed Combat | 1 |  1.1
Spellcasting   | 1 |  1.1
Evocations     | 1 |  1.1
Fighting       | |  6.6
Long Blades    | |  4.6
Dodging        | |  4.6
Conjurations   | |  0.8
Hexes          | |  0.8
Summonings     | |  0.8
Necromancy     | |  0.8
Translocations | |  0.8
Transmutations | |  0.8
Fire Magic     | |  0.8
Ice Magic      | |  0.8
Air Magic      | |  0.8
Earth Magic    | |  0.8
Poison Magic   | |  0.8

Action                   |  1- 3 |  4- 6 || total
-------------------------+-------+-------++-------
Melee: Falchion          |    44 |    15 ||    59
       Bite              |     4 |     2 ||     6
 Fire: Hunting sling     |    87 |    35 ||   122
  Use: Scroll            |     1 |     1 ||     2
Armor: Leather armour    |    20 |       ||    20
       Ring mail         |       |     1 ||     1
Dodge: Dodged            |    49 |     5 ||    54
       Rpst.: Falchion   |    12 |     3 ||    15

Levels and vault maps discovered:
D:1:      dpeg_arrival_boxorama, layout_basic, serial_aquarium,
          aquarium_bridge_straight [aquarium_subvault_bridge,
          aquarium_subvault_wall, aquarium_subvault_bridge,
          aquarium_subvault_balcony], aquarium_window_3, aquarium_window_fake,
          aquarium_view_2b, aquarium_balcony_3a, aquarium_pool_2, serial_shops,
          shop, st_stairs_5
D:2:      layout_basic, minmay_pentomino_x4, uniq_sigmund
D:3:      layout_basic
D:4:      layout_loops_cross, amcnicky_mini_pool_small
D:5:      wad_lake_hut, layout_basic, temple_fountains, minivault_23

Notes
Turn   | Place    | Note
-------+----------+-------------------------------------------
     0 | D:5      | Reached skill level 9 in Stealth
     0 | D:5      | AIAndy the Gnoll Delver began the quest for the Orb.
     0 | D:5      | Reached XP level 1. HP: 23/23 MP: 1/1
    11 | D:5      | Noticed a hound
    42 | D:5      | Noticed a hound
    43 | D:5      | Found a staircase to the Ecumenical Temple.
   659 | D:2      | Reached XP level 2. HP: 20/29 MP: 2/2
  1039 | D:2      | Noticed Sigmund
  1353 | D:2      | Reached XP level 3. HP: 35/35 MP: 3/3
  1687 | D:1      | Reached skill level 1 in Invocations
  1863 | D:1      | Reached skill level 1 in Short Blades
  1863 | D:1      | Reached skill level 1 in Axes
  1863 | D:1      | Reached skill level 1 in Maces & Flails
  1863 | D:1      | Reached skill level 1 in Polearms
  1863 | D:1      | Reached skill level 1 in Staves
  1863 | D:1      | Reached skill level 1 in Slings
  1863 | D:1      | Reached skill level 1 in Bows
  1863 | D:1      | Reached skill level 1 in Crossbows
  1863 | D:1      | Reached skill level 1 in Throwing
  1863 | D:1      | Reached skill level 1 in Armour
  1863 | D:1      | Reached skill level 1 in Shields
  1863 | D:1      | Reached skill level 1 in Unarmed Combat
  1863 | D:1      | Reached skill level 1 in Spellcasting
  1863 | D:1      | Reached skill level 1 in Evocations
  1925 | D:1      | Found Basebude's Book Shoppe.
  2293 | D:1      | Reached XP level 4. HP: 41/41 MP: 5/5
  3277 | D:2      | Killed from afar by Sigmund

Vanquished Creatures
  An adder (D:2)
  3 worms (D:2)
  8 endoplasms
  2 giant cockroaches
  5 goblins
  3 hobgoblins (D:2)
  4 jackals (D:2)
  A quokka (D:1)
  7 ball pythons
  4 bats (D:1)
  A frilled lizard (D:1)
  6 kobolds
  6 rats
51 creatures vanquished.

Vanquished Creatures (others)
  A jackal (D:2)
  3 plants (D:5)
4 creatures vanquished.

Grand Total: 55 creatures vanquished

Table legend: (Time is in decaauts)
 A = Elapsed time spent in this place.
 B = Non-inter-level travel time spent in this place.
 C = Inter-level travel time spent in this place.
 D = Time resting spent in this place.
 E = Time spent auto-exploring this place.
 F = Levels seen in this place.
 G = Mean time per level.
                   A        B        C        D        E       F      G
               +--------+--------+--------+--------+--------+-----+--------+
         Total |   3282 |   3115 |    167 |    705 |   1899 |   5 |  656.4 |
       Dungeon |   3282 |   3115 |    167 |    705 |   1899 |   5 |  656.4 |
               +--------+--------+--------+--------+--------+-----+--------+

Top non-repeatable levels by time:
     D:2: 2287 daAuts
     D:1: 891 daAuts
     D:5: 50 daAuts
     D:3: 31 daAuts
     D:4: 21 daAuts

Table legend:
 A = Non-vault XP
 B = Vault XP
 C = Vault XP percentage of total XP
 D = Non-vault monster count
 E = Vault monster count
 F = Vault count percentage of total count
                 A         B        C        D         E       F
            +---------+---------+-------+---------+---------+-------
      Total |      93 |      14 |  13.1 |      45 |       7 |  13.5
            +---------+---------+-------+---------+---------+-------
        D:1 |      32 |       6 |  15.8 |      21 |       4 |  16.0
        D:2 |      61 |       8 |  11.6 |      24 |       3 |  11.1
            +---------+---------+-------+---------+---------+-------
